 Dungeon Crawl Stone Soup version 0.21.1-1-g345015f (webtiles) character file.

13872 xccam the Transmogrifier (level 11, -2/85 (86) HPs)
             Began as a Red Draconian Transmuter on June 6, 2018.
             Was a High Priest of Okawaru.
             Slain by a yak (17 damage)
             ... on level 1 of the Lair of Beasts.
             The game lasted 00:27:23 (11852 turns).

xccam the Transmogrifier (DrTm)                    Turns: 11852, Time: 00:27:24

HP:   -2/85 (86)    AC:  8    Str: 14    XL:     11   Next: 81%
MP:   15/21         EV: 17    Int: 14    God:    Okawaru [*****.]
Gold: 788           SH:  0    Dex: 13    Spells: 13/23 levels left

rFire    + . .     SeeInvis .     - Unarmed
rCold    . . .     Gourm    .   (shield currently unavailable)
rNeg     . . .     Faith    .   (armour unavailable)
rPois    .         Spirit   .   (helmet restricted)
rElec    .         Reflect  .   (no cloak)
rCorr    .         Harm     .   (gloves currently unavailable)
MR       +....                  k - +0 pair of boots
Stlth    +++.......             (no amulet)
HPRegen  0.24/turn              s - ring of wizardry
MPRegen  0.17/turn              q - ring of protection from magic

@: lethally poisoned (-2 -> -32), blade hands, heroism
A: breathe fire, unfitting armour, fire resistance 1, cold-blooded, AC +7
a: Breathe Fire, End Transformation, Heroism, Finesse, Renounce Religion


You were on level 1 of the Lair of Beasts.
You worshipped Okawaru.
Okawaru was extremely pleased with you.
You were very hungry.
You had blades for hands.
You visited 3 branches of the dungeon, and saw 13 of its levels.
You also visited: Sewer.

You collected 788 gold pieces.

Inventory:

Hand Weapons
 x - the +2 hand crossbow "Cystra" {elec, rC+ rN+ Dex-2}
   (You found it on level 7 of the Dungeon)

   It charges the ammunition it shoots with electricity; occasionally upon a
   hit, such missiles may discharge and cause terrible harm.
   It affects your dexterity (-2).
   It protects you from cold.
   It protects you from negative energy.
Missiles
 a - 362 arrows
 y - 2 poisoned javelins (quivered)
 G - 22 bolts
Armour
 k - a +0 pair of boots (worn)
 z - a +2 pair of gloves of archery (melded)
Jewellery
 q - a ring of protection from magic (right scythe-like blade)
 s - a ring of wizardry (left scythe-like blade)
 u - a +4 ring of evasion
 B - an uncursed ring of see invisible
Wands
 r - a wand of paralysis (30)
 C - a wand of digging (16)
 D - a wand of iceblast (5)
Scrolls
 e - 3 scrolls of identify
 f - 7 scrolls of remove curse
 o - a scroll of fog
 v - 2 scrolls of summoning {unknown}
 H - a scroll of silence {unknown}
 I - a scroll of blinking
Potions
 d - a potion of might
 g - 3 potions of heal wounds
 i - a potion of magic
 j - a potion of flight
 l - 2 potions of lignification
 m - a potion of agility
 n - a potion of curing
 p - 2 potions of cancellation {unknown}
 t - a potion of brilliance {unknown}
 A - a potion of berserk rage {unknown}
 E - a potion of mutation {unknown}
Books
 b - a book of Changes

   Spells                             Type                      Level
   a - Beastly Appendage              Transmutation                1
   b - Sticks to Snakes               Transmutation                2
   c - Spider Form                    Transmutation/Poison         3
   d - Ice Form                       Ice/Transmutation            4
   e - Blade Hands                    Transmutation                5
 h - a book of Air

   Spells                             Type                      Level
   a - Shock                          Conjuration/Air              1
   b - Swiftness                      Charms/Air                   2
   c - Static Discharge               Conjuration/Air              3
   d - Airstrike                      Air                          4
   e - Lightning Bolt                 Conjuration/Air              5
 w - a book of Minor Magic

   Spells                             Type                      Level
   a - Magic Dart                     Conjuration                  1
   b - Blink                          Translocation                2
   c - Call Imp                       Summoning                    2
   d - Slow                           Hexes                        2
   e - Conjure Flame                  Conjuration/Fire             3
   f - Mephitic Cloud                 Conjuration/Poison/Air       3
 F - a book of the Tempests

   Spells                             Type                      Level
   a - Static Discharge               Conjuration/Air              3
   b - Lightning Bolt                 Conjuration/Air              5
   c - Ignition                       Fire                         8
   d - Tornado                        Air                          9
   e - Shatter                        Earth                        9
Comestibles
 c - 14 rations


   Skills:
 + Level 5.0(10.0) Fighting
 + Level 1.9(6.9) Throwing
 + Level 4.4(9.4) Dodging
 + Level 10.9(15.9) Unarmed Combat
 + Level 6.7 Spellcasting
 + Level 3.7 Translocations
 * Level 11.5 Transmutations
 + Level 4.4 Invocations


You had 13 spell levels left.
You knew the following spells:

 Your Spells              Type           Power        Failure   Level  Hunger
a - Beastly Appendage     Tmut           #####.       3%          1    None
b - Sticks to Snakes      Tmut           #####...     3%          2    #......
c - Blade Hands           Tmut           #####.....   12%         5    ######.
d - Blink                 Tloc           N/A          13%         2    #......


Dungeon Overview and Level Annotations

Branches:
Dungeon (11/15)            Temple (1/1) D:4            Lair (1/6) D:9
    Orc: D:9-12

Altars:
Ashenzari
Cheibriados
Dithmenos
Elyvilon
Fedhas
Gozag
Hepliaklqana
Kikubaaqudgha
Makhleb
Nemelex Xobeh
Okawaru
Ru
Sif Muna
Trog
Uskayaw
Vehumet
Wu Jian
Xom
Yredelemnul
Zin
The Shining One

Shops:
D:5 }

Portals:
Trove: D:10 (give 8 potions of haste)

Annotations:
D:5 2 transporters, Menkaure


Innate Abilities, Weirdness & Mutations

You can breathe blasts of fire.
Your fiery red scales are hard. (AC +7)
You cannot fit into any form of body armour.
Your flesh is heat resistant. (rF+)
You are cold-blooded and may be slowed by cold attacks.


Message History

* * * LOW HITPOINT WARNING * * *
You slice the spiny frog!!
You kill the spiny frog!
Okawaru accepts your kill.
Your base Fighting skill increases to level 5!
* * * LOW HITPOINT WARNING * * *
You feel sick.
You hit the yak.
The yak is lightly wounded.
* * * LOW HITPOINT WARNING * * *
You feel very sick.
You hit the yak but do no damage.
The yak is lightly wounded.
* * * LOW HITPOINT WARNING * * *
You feel sick. The yak misses you.
You slice the yak!!
The yak is severely wounded.
* * * LOW HITPOINT WARNING * * *
You feel sick. The yak gores you!
You die...

.... ..##.#..##.##.k...
.............#...#
..#..........#...##
..#...............
..+.....)........#
..#..........#...##
..#>.........#..Y†#
..#..........#..@##...
...#######.###..........
........................
#.###############.######
### ##


You could see a yak and a rime drake (wandering).

Vanquished Creatures
  Erica (D:11)
  2 two-headed ogres
  A centaur warrior (D:10)
  The ghost of Jaiteiro the Blocker, a novice GrFi of Okawaru (D:8)
  The ghost of diana the Slasher, a novice MiFi (D:5)
  An ugly thing (D:11)
  A manticore (D:9)
  Joseph (D:8)
  Psyche (D:8)
  A gargoyle (D:10)
  2 spiny frogs (Lair:1)
  2 trolls
  A queen bee (D:11)
  3 hippogriffs
  Sigmund (D:3)
  5 yaks (Lair:1)
  A steam dragon (D:10)
  2 hungry ghosts
  6 water moccasins
  A sky beast (D:9)
  2 orc warriors
  2 porcupines (Lair:1)
  2 ice beasts
  2 black bears
  A necrophage (D:11)
  3 ogres
  2 phantoms
  3 centaurs
  2 crocodiles (Lair:1)
  4 wolves (Lair:1)
  A big kobold (Sewer)
  4 bullfrogs
  4 scorpions
  18 killer bees
  8 wights (D:10)
  7 howler monkeys
  2 crimson imps (D:9)
  4 hounds
  4 orc priests
  A bullfrog skeleton (D:7)
  2 iguanas
  10 worker ants
  6 orc wizards
  A hound skeleton (D:10)
  3 gnolls (D:3)
  10 adders
  2 river rats (Sewer)
  3 shadow imps
  4 adder skeletons
  3 worms
  4 leopard geckos
  26 orcs
  2 ball pythons
  12 bats
  5 giant cockroaches
  5 goblins
  4 hobgoblins
  12 jackals
  2 quokkas
  A frilled lizard (D:2)
  8 kobolds
  A leopard gecko skeleton (D:4)
  2 quokka skeletons
  8 rats
247 creatures vanquished.

Vanquished Creatures (collateral kills)
  An orc (D:4)
1 creature vanquished.

Vanquished Creatures (others)
  2 fungi (Lair:1)
2 creatures vanquished.

Grand Total: 250 creatures vanquished

Notes
Turn   | Place    | Note
-------+----------+-------------------------------------------
     0 | D:1      | xccam the Draconian Transmuter began the quest for the Orb.
     0 | D:1      | Reached XP level 1. HP: 16/16 MP: 3/3
   440 | D:1      | Reached XP level 2. HP: 18/23 MP: 1/5
   857 | D:2      | Found an ornate altar of the Wu Jian Council.
   858 | D:2      | Found a burning altar of Makhleb.
   858 | D:2      | Found a blossoming altar of Fedhas.
   860 | D:2      | Found a snail-covered altar of Cheibriados.
   861 | D:2      | Found a hide-covered altar of Uskayaw.
   913 | D:2      | Found a bloodstained altar of Trog.
  1196 | D:2      | You fall through a shaft!
  1228 | D:3      | Noticed Sigmund
  1233 | D:3      | Learned a level 2 spell: Sticks to Snakes
  1248 | D:3      | Killed Sigmund
  1248 | D:3      | Reached skill level 3 in Transmutations
  1248 | D:3      | Reached XP level 3. HP: 28/28 MP: 1/6
  1248 | D:3      | Reached XP level 4. HP: 35/35 MP: 1/7
  1248 | D:3      | Reached XP level 5. HP: 40/40 MP: 1/8
  1360 | D:3      | Reached skill level 4 in Transmutations
  1615 | D:3      | Reached skill level 5 in Unarmed Combat
  2588 | D:4      | Reached XP level 6. HP: 39/47 MP: 9/9
  2604 | D:4      | Found a staircase to the Ecumenical Temple.
  2625 | D:4      | Reached skill level 5 in Transmutations
  2656 | Temple   | Entered the Ecumenical Temple
  2711 | Temple   | Became a worshipper of Warmaster Okawaru
  2986 | D:4      | Found an opulent altar of Gozag.
  3244 | D:5      | Entered Level 5 of the Dungeon
  3246 | D:5      | Your scales start taking on a fiery red colour.
  3246 | D:5      | Reached XP level 7. HP: 48/52 MP: 10/10
  3246 | D:5      | Gained mutation: Your flesh is heat resistant. (rF+) [Red Draconian growth]
  3329 | D:5      | You fall through a shaft for 3 floors!
  3364 | D:6      | Found a glowing drain.
  3390 | Sewer    | Entered a sewer
  3532 | Sewer    | Found a white marble altar of Elyvilon.
  3702 | D:6      | Reached skill level 6 in Transmutations
  3706 | D:6      | Reached * piety under Okawaru
  3815 | D:5      | Found Udotu's Gadget Boutique.
  3822 | D:5      | Learned a level 5 spell: Blade Hands
  3854 | D:5      | Noticed a wraith
  3858 | D:5      | Found a transporter.
  3862 | D:5      | Found a basalt altar of Yredelemnul.
  3867 | D:5      | Noticed Menkaure
  3889 | D:5      | Found an ancient bone altar of Kikubaaqudgha.
  4025 | D:5      | Found a transporter.
  4078 | D:5      | Noticed diana's ghost (novice MiFi)
  4088 | D:5      | Killed diana's ghost
  4088 | D:5      | Reached ** piety under Okawaru
  4088 | D:5      | Reached skill level 7 in Transmutations
  4088 | D:5      | Reached XP level 8. HP: 40/59 MP: 0/11
  4654 | D:6      | Reached *** piety under Okawaru
  4654 | D:6      | Reached skill level 8 in Transmutations
  4935 | D:6      | Found a hazy altar of Hepliaklqana.
  5640 | D:7      | Reached XP level 9. HP: 45/64 MP: 11/13
  6225 | D:7      | Got a brightly glowing hand crossbow
  6226 | D:7      | Identified the cursed +2 hand crossbow "Cystra" {elec, rC+ rN+ Dex-2} (You found it on level 7 of the Dungeon)
  6477 | D:8      | Reached **** piety under Okawaru
  6477 | D:8      | Reached skill level 9 in Transmutations
  6581 | D:8      | Noticed Joseph
  6583 | D:8      | Noticed a two-headed ogre
  6606 | D:8      | Killed Joseph
  6620 | D:8      | Killed a two-headed ogre
  6620 | D:8      | Reached skill level 10 in Unarmed Combat
  6620 | D:8      | Reached skill level 5 in Spellcasting
  6678 | D:8      | Reached XP level 10. HP: 50/71 MP: 17/17
  6732 | D:8      | Noticed Psyche
  6744 | D:8      | Killed Psyche
  6744 | D:8      | Reached ***** piety under Okawaru
  6796 | D:8      | Found a sacrificial altar of Ru.
  7117 | D:8      | Noticed Jaiteiro's ghost (novice GrFi)
  7118 | D:8      | Found a shadowy altar of Dithmenos.
  7126 | D:8      | Killed Jaiteiro's ghost
  7126 | D:8      | Reached skill level 10 in Transmutations
  7126 | D:8      | Reached skill level 1 in Invocations
  7199 | D:9      | Found a staircase to the Lair.
  7229 | D:9      | Noticed a manticore
  7237 | D:9      | Killed a manticore
  7237 | D:9      | Received a gift from Okawaru
  7267 | D:9      | Learned a level 2 spell: Blink
  7284 | D:9      | Noticed a two-headed ogre
  7289 | D:9      | Killed a two-headed ogre
  7291 | D:9      | Reached skill level 1 in Translocations
  7885 | D:9      | Received a gift from Okawaru
  7994 | D:10     | Entered Level 10 of the Dungeon
  8121 | D:10     | Found a portal to a secret trove of treasure.
  8239 | D:10     | Noticed a centaur warrior
  8246 | D:10     | Killed a centaur warrior
  8246 | D:10     | Reached XP level 11. HP: 73/83 MP: 11/20
  9059 | D:10     | Reached skill level 11 in Transmutations
  9687 | D:11     | Noticed Erica
  9695 | D:11     | Killed Erica
  9695 | D:11     | Received a gift from Okawaru
 10141 | D:11     | Noticed a purple ugly thing
 10149 | D:11     | Killed a purple ugly thing
 10154 | D:11     | Reached skill level 1 in Throwing
 10627 | Lair:1   | Entered Level 1 of the Lair of Beasts
 11849 | Lair:1   | Reached skill level 5 in Fighting
 11852 | Lair:1   | Slain by a yak

Skill      XL: |  1  2  3  4  5  6  7  8  9 10 11 |
---------------+----------------------------------+-----
Unarmed Combat | 4 5 6 7 8 10 | 10.9
Transmutations | 3 4 5 7 8 9 10 11 | 11.5
Spellcasting   | 5 6 |  6.7
Dodging        | 3 4 |  4.4
Fighting       | 3 5 |  5.0
Invocations    | 3 4 |  4.4
Translocations | 2 3 |  3.7
Throwing       | 1 |  1.9

Action                   |  1- 3 |  4- 6 |  7- 9 | 10-12 || total
-------------------------+-------+-------+-------+-------++-------
Melee: Unarmed           |    82 |   171 |   341 |   432 ||  1026
       Tailslap          |     5 |    19 |    38 |    44 ||   106
       Kick              |     3 |       |       |       ||     3
       Punch             |     1 |     6 |    14 |    21 ||    42
       Headbutt          |       |     6 |       |       ||     6
 Cast: Beastly Appendage |     3 |     4 |       |     2 ||     9
       Sticks to Snakes  |     2 |     3 |       |       ||     5
       Blade Hands       |       |       |     5 |    17 ||    22
Invok: Heroism           |       |       |       |    15 ||    15
 Abil: Breathe Fire      |       |       |     7 |     2 ||     9
  Use: Potion            |     1 |       |     5 |     6 ||    12
       Scroll            |       |       |    12 |     2 ||    14
 Stab: Sleeping          |     1 |       |       |       ||     1
  Eat: Chunk             |       |     5 |     8 |    17 ||    30
       Ration            |       |     1 |     3 |     1 ||     5
Armor: Skin              |    33 |    54 |    87 |   144 ||   318
Dodge: Dodged            |    66 |   118 |   226 |   346 ||   756
